 Dungeon Crawl Stone Soup version 0.27-a0-277-g024f7ef292 (webtiles) character file.

Game seed: 16087598548016573794

10558 Borgoz the Grappler (level 11, -3/99 HPs)
             Began as a Ghoul Gladiator on Feb 5, 2021.
             Was a Priest of Okawaru.
             Killed from afar by a rime drake (12 damage)
             ... with a flash freeze
             ... on level 11 of the Dungeon.
             The game lasted 00:17:43 (10570 turns).

Borgoz the Grappler (Ghoul Gladiator)              Turns: 10570, Time: 00:17:44

Health: -3/99      AC: 17    Str: 19    XL:     11   Next: 64%
Magic:  10/10      EV: 18    Int:  3    God:    Okawaru [***...]
Gold:   573        SH:  0    Dex: 13    Spells: 10/10 levels left

rFire    + . .     SeeInvis .     - Unarmed
rCold    + . .     Faith    .   (no shield)
rNeg     + + +     Spirit   .   j - +3 scale mail {rF+}
rPois    ∞         Reflect  .   r - +2 hat {Will+}
rElec    .         Harm     .   g - +2 cloak
rCorr    .         Rampage  .   (no gloves)
Will     +....                  o - +0 pair of boots {Stlth+}
Stlth    +.........             t - amulet of regeneration
HPRegen  0.00/turn              v - +4 ring of evasion
MPRegen  0.12/turn              (no ring)

@: hasted, very quick
A: claws 1, cold resistance 1, negative energy resistance 3, inhibited
regeneration, torment resistance, unbreathing
a: Renounce Religion, Heroism


You were on level 11 of the Dungeon.
You worshipped Okawaru.
Okawaru was most pleased with you.
You visited 2 branches of the dungeon, and saw 12 of its levels.
You also visited: Bailey.

You collected 573 gold pieces.

Inventory:

Armour
 g - a +2 cloak (worn)
 j - a +3 scale mail of fire resistance (worn)
 o - a +0 pair of boots of stealth (worn)
 q - a +1 plate armour of fire resistance
 r - a +2 hat of willpower (worn)
Jewellery
 n - an uncursed ring of fire
 t - an amulet of regeneration (around neck)
 v - a +4 ring of evasion (left claw)
 y - a +6 ring of intelligence {unknown}
 z - an uncursed amulet of reflection {unknown}
Wands
 a - a wand of paralysis (10)
 b - a wand of charming (6)
 x - a wand of acid (23)
Scrolls
 c - a scroll of silence
 d - 9 scrolls of teleportation
 e - 5 scrolls of identify
 f - 5 scrolls of enchant weapon
 h - 4 scrolls of blinking
 k - 4 scrolls of remove curse
 l - a scroll of fog
 p - 4 scrolls of enchant armour
 s - a scroll of fear
Potions
 i - 4 potions of curing
 u - 2 potions of flight
 w - a potion of attraction
 A - 2 potions of degeneration {unknown}


   Skills:
 + Level 10.0 Fighting
 - Level 1.7 Throwing
 + Level 8.1 Armour
 + Level 8.7 Dodging
 + Level 10.3 Unarmed Combat
 + Level 2.3 Evocations


You had 10 spell levels left.
You didn't know any spells.
Your spell library contained the following spells:

 Spells                   Type           Power        Failure   Level
 Animate Skeleton         Necr           0%           85%         1
 Pain                     Necr           0%           85%         1
 Sting                    Tmut/Pois      0%           85%         1
 Poisonous Vapours        Pois/Air       0%           94%         2
 Ignite Poison            Fire/Tmut/Pois 0%           99%         3
 Mephitic Cloud           Conj/Pois/Air  0%           99%         3
 Vampiric Draining        Necr           0%           99%         3
 Animate Dead             Necr           0%           100%        4
 Olgreb's Toxic Radiance  Pois           0%           100%        4
 Agony                    Necr           0%           100%        5


Dungeon Overview and Level Annotations

Branches:
Dungeon (11/15)            Temple (1/1) D:5            Lair (0/6) D:10
    Orc (0/2) D:11         Bailey (visited)

Altars:
Ashenzari
Cheibriados
Dithmenos
Elyvilon
Fedhas
Gozag
Hepliaklqana
Kikubaaqudgha
Makhleb
Nemelex Xobeh
Okawaru
Qazlal
Ru
Sif Muna
Trog
Uskayaw
Vehumet
Wu Jian
Xom
Yredelemnul
Zin
The Shining One

Portals:
Ice
Cave: D:11


Innate Abilities, Weirdness & Mutations

You thrive by killing the living.
You are immune to poison.
You have sharp fingernails.
Your flesh is cold resistant. (rC+)
You are immune to negative energy. (rN+++)
You do not regenerate when monsters are visible.
You are immune to unholy pain and torment.
You can survive without breathing.


Message History

You feel yourself slow down.
A skeletal warrior comes into view. It is wielding a +0 long sword.
The skeletal warrior hits you but does no damage.
Found 5 boomerangs.
The skeletal warrior closely misses you. 2 rime drakes come into view.
The rime drake hisses angrily. x2
The rime drake breathes ice at you. The flash freeze hits you!
You partially resist.
* * * LOW HITPOINT WARNING * * *
You are encased in ice.
Found a frozen archway.
The rime drake closely misses you.
The skeletal warrior hits you but does no damage.
Okay, then.
You feel yourself speed up. The ice encasing you melts away.
The rime drake breathes ice at you. The flash freeze hits you!
You partially resist.
You die...

####**,..* *,,* *,,*
######...* *,.# *,,*
.........*******,.#####****,,*
.........,,,,,,,,......,,,,,,*
..W......,,,,,,,,.....,,,,,,,*
.z#######*****###..#####****,*
..#############..≈......,,,,,*
Y.z.....(......z..#≈....,,,,,*
##..#######....#@.≈#≈,,,,,,,,*
#..# #...≈#kk.≈#,*****,,*
#..#######...≈#.....≈#****,,*
##...zz..z.z..≈#∩.......,,,,,*
.........z....≈#####....,,,,,*
##########.^..≈≈≈≈≈,....,,,,,*
#..###....,*###****,* #..#
*##..** *,*
*********#..#****.#*********,*


You could see a skeletal warrior and 2 rime drakes.

Vanquished Creatures
  A two-headed ogre (D:8)
  3 orc knights (Bailey)
  A deep elf pyromancer (D:11)
  An ugly thing (D:11)
  The ghost of PeterLawrence the Cleaver, a novice MiFi (D:5)
  2 kobold demonologists (Bailey)
  A troll (D:10)
  Grinder (D:3)
  Duvessa (D:7)
  A sky beast (D:6)
  5 ice beasts
  6 black bears
  10 orc warriors
  A necrophage (D:9)
  5 ogres
  A centaur (D:5)
  2 phantoms
  A big kobold (D:7)
  10 bullfrogs
  Dowan (D:7)
  4 scorpions
  15 wights
  A howler monkey (D:6)
  4 electric eels (Bailey)
  2 bullfrog zombies (D:5)
  2 centaur zombies
  9 orc priests
  A jelly (D:8)
  Crazy Yiuf (D:7)
  8 hounds
  An iguana (D:8)
  Jessica (D:3)
  A centaur skeleton (D:7)
  Ijyb (D:3)
  Terence (D:2)
  Natasha (twice) (D:2)
  12 orc wizards
  3 worker ants
  A hound zombie (D:7)
  A hound skeleton (D:4)
  12 gnolls (Bailey)
  A howler monkey skeleton (D:11)
  2 worker ant zombies
  11 adders
  A shadow imp (D:6)
  3 white imps
  2 ufetubi
  2 adder skeletons
  4 worms
  2 dart slugs (D:3)
  5 leopard geckos
  41 orcs
  2 ball pythons
  10 bats
  8 giant cockroaches
  16 goblins
  11 hobgoblins
  9 jackals
  4 quokkas
  6 frilled lizards
  A jackal zombie (D:7)
  11 kobolds
  A leopard gecko skeleton (D:7)
  9 rats
300 creatures vanquished.

Vanquished Creatures (others)
  23 fungi (D:10)
  23 plants (D:10)
46 creatures vanquished.

Grand Total: 346 creatures vanquished

Notes
Turn   | Place    | Note
-------+----------+-------------------------------------------
     0 | D:1      | Borgoz the Ghoul Gladiator began the quest for the Orb.
     0 | D:1      | Reached XP level 1. HP: 17/17 MP: 0/0
   341 | D:1      | Reached XP level 2. HP: 24/25 MP: 1/1
   648 | D:1      | Reached skill level 1 in Armour
   648 | D:1      | Reached XP level 3. HP: 28/30 MP: 2/2
  1095 | D:2      | Noticed Terence
  1103 | D:2      | Killed Terence
  1104 | D:2      | Reached XP level 4. HP: 36/37 MP: 3/3
  1353 | D:2      | Noticed Natasha
  1361 | D:2      | Killed Natasha
  1513 | D:2      | Noticed Natasha
  1544 | D:2      | Killed Natasha
  1545 | D:2      | Reached XP level 5. HP: 27/45 MP: 4/4
  1914 | D:3      | Noticed Ijyb
  1934 | D:3      | Killed Ijyb
  2140 | D:3      | Noticed Grinder
  2150 | D:3      | Paralysed by Grinder for 7 turns
  2160 | D:3      | Paralysed by Grinder for 7 turns
  2172 | D:3      | Paralysed by Grinder for 2 turns
  2187 | D:3      | Paralysed by Grinder for 3 turns
  2192 | D:3      | Killed Grinder
  2193 | D:3      | Reached XP level 6. HP: 31/52 MP: 5/5
  2563 | D:3      | Noticed Jessica
  2577 | D:3      | Killed Jessica
  2703 | D:3      | Reached skill level 5 in Unarmed Combat
  2703 | D:3      | Reached XP level 7. HP: 41/60 MP: 6/6
  3915 | D:5      | Entered Level 5 of the Dungeon
  3967 | D:4      | Reached skill level 5 in Fighting
  4076 | D:5      | Found a runed translucent gate.
  4076 | D:5      | Found a runed translucent gate.
  4077 | D:5      | Noticed PeterLawrence's ghost (novice MiFi)
  4091 | D:5      | Reached XP level 8. HP: 32/68 MP: 7/7
  4316 | D:5      | Found a runed translucent gate.
  4362 | D:5      | Reached skill level 5 in Dodging
  4541 | D:5      | You fall into a shaft and drop 1 floor!
  4792 | D:5      | Killed PeterLawrence's ghost
  4793 | D:5      | Reached XP level 9. HP: 51/78 MP: 8/8
  4795 | D:5      | Reached skill level 5 in Armour
  4945 | D:5      | Found a staircase to the Ecumenical Temple.
  4965 | Temple   | Entered the Ecumenical Temple
  5262 | D:6      | Found a shimmering altar of Xom.
  6030 | D:7      | Noticed Dowan
  6031 | D:7      | Noticed Duvessa
  6053 | D:7      | Killed Duvessa
  6056 | D:7      | Killed Dowan
  6546 | D:7      | Found a glowing silver altar of Zin.
  6563 | D:7      | Found a basalt altar of Yredelemnul.
  6566 | D:7      | Found an ornate altar of the Wu Jian Council.
  6571 | D:7      | Found an opulent altar of Gozag.
  7016 | D:7      | Found a runed translucent door.
  7017 | D:7      | Noticed Crazy Yiuf
  7115 | D:7      | Killed Crazy Yiuf
  7413 | D:8      | Found a blossoming altar of Fedhas.
  7509 | D:8      | Reached XP level 10. HP: 82/88 MP: 9/9
  7552 | D:8      | Noticed a two-headed ogre
  7567 | D:8      | Killed a two-headed ogre
  7826 | D:8      | Found a flagged portal.
  7832 | Bailey   | Entered a bailey
  7893 | Bailey   | Noticed a kobold demonologist
  7894 | Bailey   | Found an iron altar of Okawaru.
  7894 | Bailey   | Noticed a kobold demonologist
  7894 | Bailey   | Noticed an orc knight
  7896 | Bailey   | Noticed a smoke demon
  7898 | Bailey   | Noticed a rust devil
  7905 | Bailey   | Killed a kobold demonologist
  7909 | Bailey   | Killed a kobold demonologist
  7919 | Bailey   | Killed an orc knight
  7936 | Bailey   | Noticed an orc knight
  7942 | Bailey   | Killed an orc knight
  8036 | Bailey   | Acquired a +0 hat of willpower
  8229 | Bailey   | Became a worshipper of Warmaster Okawaru
  8305 | Bailey   | Noticed an orc knight
  8330 | Bailey   | Killed an orc knight
  8435 | Bailey   | Reached XP level 11. HP: 71/97 MP: 10/10
  8456 | Bailey   | Reached * piety under Okawaru
  9014 | D:9      | Found an iron altar of Okawaru.
  9311 | D:9      | Found a sacrificial altar of Ru.
  9650 | D:10     | Entered Level 10 of the Dungeon
  9653 | D:10     | Found a staircase to the Lair.
  9677 | D:9      | Reached ** piety under Okawaru
  9745 | D:9      | Reached skill level 10 in Unarmed Combat
  9745 | D:9      | Reached skill level 1 in Evocations
 10284 | D:10     | Found a burning altar of Makhleb.
 10458 | D:11     | Found a broken altar of Ashenzari.
 10460 | D:11     | Noticed a brown ugly thing
 10481 | D:11     | Killed a brown ugly thing
 10481 | D:11     | Reached *** piety under Okawaru
 10482 | D:11     | Reached skill level 10 in Fighting
 10490 | D:11     | Noticed a skeletal warrior
 10490 | D:11     | Noticed a skeletal warrior
 10491 | D:11     | Noticed a skeletal warrior
 10491 | D:11     | Noticed a skeletal warrior
 10518 | D:11     | Noticed a deep elf pyromancer
 10523 | D:11     | Killed a deep elf pyromancer
 10555 | D:11     | Noticed a skeletal warrior
 10568 | D:11     | Found a frozen archway.
 10570 | D:11     | Killed from afar by a rime drake

Illustrated notes

Levels and vault maps discovered:
D:1:      dpeg_arrival_shrine, layout_basic
D:2:      layout_basic, uniq_terence, uniq_natasha
D:3:      layout_loops_corners, uniq_grinder, uniq_jessica, uniq_ijyb
D:4:      layout_cave_pods, minmay_misc_feat_enclosed
D:5:      layout_rooms, temple_green, gammafunk_ghost_split
D:6:      layout_basic, kennysheep_mini_moat
D:7:      layout_basic, grunt_temple_overflow_cloverleaf,
          grunt_decor_mini_mirrors, uniq_duvessa, uniq_crazy_yiuf_cottage
D:8:      layout_basic, nicolae_overflow_hidden_temple, enter_bailey_3
D:9:      layout_basic, nicolae_ru_path_of_blood, okawaru_trees_2
D:10:     layout_irregular_city, due_lair_maze_entry_diamond, basic_altar,
          corexii_mini_fake_secret_closet
D:11:     layout_long_grid, david_orc_1_choice, basic_altar,
          portal_ice_cave_rime, nooodl_orcs_dogs
Temple:   dpeg_chambers_temple

Skill      XL: |  1  2  3  4  5  6  7  8  9 10 11 |
---------------+----------------------------------+-----
Dodging        | 3 4 5 6 8 |  8.7
Armour         | 1 2 3 4 6 7 8 |  8.1
Fighting       | 3 4 5 6 7 9 10 | 10.0
Unarmed Combat | 4 5 7 8 9 10 | 10.3
Evocations     | 2 |  2.3
Throwing       | |  1.7

Action                   |  1- 3 |  4- 6 |  7- 9 | 10-12 || total
-------------------------+-------+-------+-------+-------++-------
Melee: Unarmed           |    78 |   182 |   523 |   474 ||  1257
       Punch             |     1 |     3 |    15 |    19 ||    38
Throw: Throwing net      |       |     4 |     1 |       ||     5
Invok: Heroism           |       |       |       |     1 ||     1
  Use: Potion            |       |     4 |     4 |     4 ||    12
       Scroll            |       |     5 |    10 |     7 ||    22
 Stab: Held in net/web   |       |     1 |       |       ||     1
       Invisible         |       |       |     1 |       ||     1
       Sleeping          |       |       |       |     1 ||     1
Armor: Leather armour    |    28 |       |       |       ||    28
       Scale mail        |       |    70 |   309 |   178 ||   557
Dodge: Dodged            |    46 |    91 |   342 |   504 ||   983

Table legend: (Time is in decaauts)
 A = Elapsed time spent in this place.
 B = Non-inter-level travel time spent in this place.
 C = Inter-level travel time spent in this place.
 D = Time resting spent in this place.
 E = Time spent auto-exploring this place.
 F = Levels seen in this place.
 G = Mean time per level.
                   A        B        C        D        E       F      G
               +--------+--------+--------+--------+--------+-----+--------+
         Total |  10368 |  10071 |    297 |    945 |   6461 |  13 |  797.5 |
       Dungeon |   9227 |   8953 |    274 |    708 |   6062 |  11 |  838.8 |
        Temple |    242 |    219 |     23 |      0 |    219 |   1 |  242.0 |
        Bailey |    898 |    898 |      0 |    237 |    180 |   1 |  898.0 |
               +--------+--------+--------+--------+--------+-----+--------+

Top non-repeatable levels by time:
     D:7: 1120 daAuts
     D:3: 1101 daAuts
     D:1: 1026 daAuts
     D:4: 968 daAuts
     D:5: 916 daAuts
     D:8: 900 daAuts
  Bailey: 898 daAuts
     D:2: 873 daAuts
     D:6: 827 daAuts
     D:9: 707 daAuts
    D:10: 688 daAuts
  Temple: 242 daAuts
    D:11: 97 daAuts
